Map: Neon Violet Square LE

Players

Hurricane

  • Race: Protoss Protoss
  • Spawn Location: 11:00

uThermal - Winner!

  • Race: Terran Terran
  • Spawn Location: 5:00

Event: IEM Season 12 - Katowice

VOD

Have the link to the VOD?

Description

Time

  • Played on: March 1, 2018, 11:57 a.m.
  • Length: 8:03

All games in this series

Show
View Real Time Build Order
Export as new Build Order

Hurricane Protoss 

Build Orders: 1 Gate Expand, Oracle Opening, Phoenix Opening 

Get SALT Encoding   

  12  0:00  Probe  
  13  0:12  Probe  
  14  0:18  Pylon  
  14  0:24  Probe (Chrono Boost)  
  15  0:37  Probe (Chrono Boost), Gateway  
  16  0:45  Probe (Chrono Boost)  
  16  0:46  Assimilator  
  17  0:51  Probe  
  18  1:03  Probe  
  19  1:15  Probe  
  20  1:25  Nexus  
  20  1:33  Cybernetics Core  
  20  1:37  Probe  
  21  1:42  Assimilator  
  21  1:49  Probe  
  21  1:53  Pylon  
  22  2:01  Probe  
  23  2:11  Adept (Chrono Boost)  
  23  2:14  Probe  
  26  2:17  Stargate  
  26  2:26  Probe, Warp Gate  
  27  2:33  Adept (Chrono Boost)  
  29  2:37  Probe (Chrono Boost)  
  29  2:39  Probe (Chrono Boost)  
  31  2:45  Adept  
  31  2:49  Probe (Chrono Boost)  
  33  2:56  Probe (Chrono Boost)  
  33  2:57  Probe (Chrono Boost)  
  36  3:00  Phoenix (Chrono Boost)  
  36  3:03  Probe  
  38  3:09  Pylon  
  38  3:20  Oracle (Chrono Boost)  
  38  3:25  Adept  
  43  3:31  Probe x2  
  45  3:44  Probe x2  
  47  3:48  Phoenix (Chrono Boost)  
  49  3:56  Probe  
  49  3:57  Pylon  
  49  4:01  Probe  
  51  4:08  Probe, Gateway  
  52  4:11  Gateway  
  52  4:19  Probe  
  52  4:20  Probe  
  54  4:31  Probe  
  54  4:34  Probe, Twilight Council  
  54  4:35  Assimilator  
  56  4:39  Assimilator  
  56  4:43  Probe, Forge  
  57  4:46  Twilight Council  
  57  4:47  Probe  
  58  4:57  Stalker  
  51  5:03  Probe  
  43  5:16  Probe x2 (Chrono Boost)  
  45  5:27  Blink (Chrono Boost)  
  43  5:28  Probe (Chrono Boost)  
  43  5:29  Probe (Chrono Boost)  
  45  5:37  Probe x2 (Chrono Boost)  
  47  5:43  Probe x2 (Chrono Boost)  
  47  5:47  Protoss Ground Weapons Level 1  
  49  5:50  Pylon  
  49  5:55  Probe x2 (Chrono Boost)  
  51  6:02  Probe x2 (Chrono Boost)  
  53  6:09  Probe x2  
  55  6:12  Sentry x2, Stalker  
  61  6:19  Robotics Facility  
  61  6:21  Probe x2  
  63  6:26  Shield Battery  
  63  6:33  Probe  
  63  6:38  Sentry, Stalker x2  
  70  6:42  Pylon  
  70  6:45  Pylon  
  70  7:00  Probe  
  71  7:01  Sentry  
  71  7:02  Stalker  
  71  7:03  Gateway x2  
  75  7:18  Observer (Chrono Boost), Robotics Bay  
  75  7:19  Probe x2  
  76  7:31  Stalker  
  76  7:35  Pylon  
  82  7:43  Stalker  
  79  7:53  Zealot  
Show
View Real Time Build Order
Export as new Build Order

uThermal Terran - Winner!

Build Orders: MMM Bio 

Get SALT Encoding   

  12  0:01  SCV  
  13  0:13  SCV  
  14  0:17  Supply Depot  
  14  0:25  SCV  
  15  0:30  Refinery  
  15  0:39  SCV  
  16  0:45  Barracks  
  16  0:51  SCV  
  17  1:03  SCV  
  18  1:15  SCV  
  19  1:32  Factory, Marine  
  19  1:33  Orbital Command  
  20  1:43  Supply Depot  
  20  1:52  Barracks Reactor  
  20  1:58  SCV  
  21  2:10  SCV, Command Center  
  22  2:20  Supply Depot  
  22  2:23  SCV  
  23  2:31  Hellion  
  23  2:32  Hellion  
  23  2:35  SCV  
  23  2:36  Refinery  
  28  2:47  SCV  
  29  2:53  Hellion x2  
  33  2:59  SCV  
  33  3:01  Starport  
  34  3:11  SCV  
  35  3:14  Widow Mine x2  
  39  3:23  SCV, Orbital Command  
  40  3:35  SCV  
  40  3:36  Widow Mine x2  
  40  3:38  Medivac  
  40  3:40  Barracks Tech Lab  
  47  3:47  SCV  
  48  3:49  SCV  
  48  3:53  Supply Depot  
  49  3:58  Marine  
  49  4:02  SCV x2, Stimpack  
  52  4:08  Barracks  
  52  4:15  Factory Reactor, Barracks  
  52  4:16  Starport Tech Lab, Marine  
  53  4:17  SCV  
  53  4:18  SCV  
  55  4:25  Engineering Bay  
  55  4:31  SCV, Bunker  
  56  4:32  SCV  
  56  4:34  Marine  
  56  4:36  Supply Depot  
  58  4:43  SCV  
  58  4:44  SCV  
  60  4:46  Starport Reactor  
  60  4:52  Marine  
  61  4:55  SCV  
  61  4:58  SCV  
  63  5:04  Marine  
  63  5:05  Widow Mine, Marine  
  63  5:06  Widow Mine  
  61  5:07  SCV, Terran Infantry Weapons Level 1  
  61  5:08  Refinery  
  61  5:10  SCV, Marine  
  62  5:19  SCV, Marine  
  62  5:20  Combat Shields  
  62  5:23  Refinery  
  62  5:24  Marine  
  62  5:25  Supply Depot  
  62  5:27  Widow Mine  
  62  5:28  Marauder  
  65  5:31  Widow Mine  
  65  5:34  Supply Depot, Marine  
  66  5:37  Medivac  
  66  5:41  Marine  
  67  5:46  Supply Depot  
  67  5:49  Marauder  
  69  5:51  Medivac  
  69  5:54  Marine x2  
  73  6:00  Marauder  
  75  6:07  SCV x2  
  75  6:10  Marine  
  76  6:14  Medivac  
  76  6:16  Command Center  
  78  6:19  SCV, Marine  
  78  6:21  Medivac  
  78  6:22  Widow Mine x2  
  86  6:27  Supply Depot, SCV  
  86  6:29  Marine  
  86  6:31  SCV  
  86  6:32  Marine  
  89  6:33  Marine  
  89  6:37  Marine  
  91  6:40  Supply Depot  
  91  6:44  Widow Mine  
  93  6:49  Widow Mine, Medivac  
  93  6:51  Medivac  
  93  6:52  Supply Depot, SCV  
  100  7:00  Supply Depot, SCV  
  101  7:05  Marine x2  
  101  7:06  Marauder x2  
  107  7:10  SCV  
  107  7:14  SCV  
  107  7:15  Supply Depot  
  109  7:18  Widow Mine x2  
  113  7:23  Marine x2  
  113  7:28  Marine, Marauder  
  114  7:30  Orbital Command  
  114  7:31  SCV  
  114  7:33  SCV  
  116  7:41  Marine  
  116  7:43  SCV  
  116  7:45  SCV  

Tags
 
Add a new tag
Caveats
  • Supply blocks, unpowered buildings, or Contaminate may cause inaccurate times.
  • Supply counts are checked every 10 seconds.